 Dungeon Crawl Stone Soup version 0.30-b1-2-g02819fbbbe (webtiles) character file.

Game seed: 2059120336461680207

140 Alarkh the Shooter (level 5, 37/37 HPs)
             Began as a Demonspawn Hexslinger on July 7, 2023.
             Got out of the dungeon alive.
             The game lasted 00:02:34 (2349 turns).

Alarkh the Shooter (Demonspawn Hexslinger)          Turns: 2349, Time: 00:02:34

Health: 37/37      AC:  5    Str: 10    XL:     5   Next: 2%
Magic:  6/6        EV: 17    Int: 16    God:
Gold:   69         SH:  0    Dex: 14    Spells: 2/6 levels left

rFire   . . .        a - +1 sling
rCold   . . .        (no shield)
rNeg    . . .        c - +0 robe
rPois   .            (no helmet)
rElec   .            (no cloak)
rCorr   .            (no gloves)
SInv    .            f - +0 pair of boots
Will    .....        (no amulet)
Stlth   +            l - +5 ring of evasion
HPRegen 0.26/turn    (no ring)
MPRegen 0.20/turn

%: no passive effects
@: no status effects
A: claws 2, yellow scales 1, magic regeneration
a: no special abilities


You escaped.
You visited 1 branch of the dungeon, and saw 3 of its levels.

You collected 69 gold pieces.

Inventory:

Hand Weapons
 a - a +1 sling (weapon)
Armour
 c - a +0 robe (worn)
 f - a +0 pair of boots (worn)
Jewellery
 l - a +5 ring of evasion (left claw)
Scrolls
 b - 2 scrolls of poison
 d - a scroll of amnesia {unknown}
 g - a scroll of identify {unknown}
 h - a scroll of magic mapping {unknown}
 j - a scroll of vulnerability {unknown}
 k - a scroll of noise {unknown}
 o - a scroll of teleportation {unknown}
Potions
 e - a potion of curing
 i - a potion of flight
 m - 2 potions of haste {unknown}
 n - a potion of brilliance {unknown}


   Skills:
 - Level 1.0 Fighting
 + Level 4.8 Ranged Weapons
 - Level 1.7 Dodging
 - Level 1.0 Spellcasting
 - Level 3.0 Hexes


You had 2 spell levels left.
You knew the following spells:

 Your Spells              Type           Power      Damage    Failure   Level
a - Slow                  Hex            40%        N/A       7%          1
b - Portal Projectile     Hex/Tloc       10%        N/A       36%         3

Your spell library contained the following spells:

 Spells                   Type           Power      Damage    Failure   Level
 Inner Flame              Hex/Fire       5%         N/A       36%         3
 Cause Fear               Hex            5%         N/A       54%         4


Dungeon Overview and Level Annotations

Branches:
Dungeon (3/15)

Altars:


Innate Abilities, Weirdness & Mutations

You have very sharp fingernails.
You are partially covered in yellow scales. (AC +2)
You regenerate magic rapidly.


Message History

m - 2 bubbling white potions (gained 1)
An endoplasm comes into view.
An endoplasm is nearby!
An endoplasm is nearby!
You shoot a sling bullet. The endoplasm quivers.
The sling bullet hits the endoplasm.
You kill the endoplasm!
No target in view!
No target in view!
Found a stone staircase leading down.
An orc comes into view. It is wielding a +0 short sword.
The orc shouts!
You hear a shout!
You shoot a sling bullet. The sling bullet barely misses the orc.
An orc comes into view. It is wielding a +0 hand axe.
You shoot a sling bullet. The sling bullet hits the orc.
The orc is moderately wounded.
You shoot a sling bullet.
The sling bullet closely misses the orc.
The sling bullet hits the orc!
You kill the orc!
You have reached level 5!
Your demonic ancestry asserts itself...
Yellow scales grow over part of your body.
You shoot a sling bullet. The sling bullet hits the orc.
You kill the orc!
No target in view!
No target in view!
You see here a +0 trident.
There is a stone staircase leading up here.
You climb upwards.
There is a stone staircase leading down here.
There is an escape hatch in the ceiling here.
A mysterious force pulls you upwards. The hatch slams shut behind you.
There is an open door here.
There is an open door here.
You see here a +0 short sword.
There is a staircase leading out of the dungeon here.
Are you sure you want to leave the Dungeon?
This will make you lose the game!
You have escaped!

#######§§§§#
#)..##....) #§§..##
##...###...# #§§...##
##....# #...#
#......### ###.....#
#...#
##§......####......##
#...#
#.................#
#.###
##...............## #.#
##..).....)....######.#
###....@....####.....#
#####8##### #..##.##
### #.###.# ##
#.###.###. ##.##.##.#
#######.....## #...#
##...### #.#.###.....##
#.#..#.##[##.#


There were no monsters in sight!

Vanquished Creatures
  Natasha (D:3)
  6 adders
  2 dart slugs
  4 orcs (D:3)
  7 endoplasms
  A giant cockroach (D:1)
  4 goblins
  5 hobgoblins
  A jackal (D:1)
  3 quokkas
  3 ball pythons
  3 bats
  3 frilled lizards (D:2)
  7 kobolds
  5 rats
55 creatures vanquished.

Notes
Turn   | Place    | Note
-------+----------+-------------------------------------------
     0 | D:1      | Alarkh the Demonspawn Hexslinger began the quest for the
                  | Orb.
     0 | D:1      | Reached XP level 1. HP: 15/15 MP: 2/2
    50 | D:1      | Reached skill level 2 in Ranged Weapons
   131 | D:1      | Gained mutation: You have sharp fingernails. [demonic
                  | ancestry]
   131 | D:1      | Reached XP level 2. HP: 7/21 MP: 3/3
   138 | D:1      | HP: 1/31 [goblin/+0 dagger (3)]
   652 | D:1      | Reached skill level 3 in Ranged Weapons
  1106 | D:2      | Gained mutation: You have very sharp fingernails. [demonic
                  | ancestry]
  1106 | D:2      | Reached XP level 3. HP: 26/26 MP: 4/4
  1398 | D:2      | Reached skill level 4 in Ranged Weapons
  1398 | D:2      | Gained mutation: You regenerate magic rapidly. [demonic
                  | ancestry]
  1398 | D:2      | Reached XP level 4. HP: 32/32 MP: 5/5
  1918 | D:3      | Learned a level 3 spell: Portal Projectile
  2041 | D:3      | Noticed Natasha
  2086 | D:3      | Killed Natasha
  2231 | D:3      | Gained mutation: You are partially covered in yellow
                  | scales. (AC +2) [demonic ancestry]
  2231 | D:3      | Reached XP level 5. HP: 37/37 MP: 6/6
  2349 | D:$      | Got out of the dungeon alive.

Illustrated notes

Levels and vault maps discovered:
D:1:      heliophobic_arrival_dark_side_of_the_moon, layout_basic,
          amethyst_killhole, hex_intersection, minmay_quantized
D:2:      layout_basic, basic_altar, grunt_ministairs_9,
          kennysheep_another_room, serial_park_tiny_pond
D:3:      layout_basic, nicolae_tso_besieged_by_evil, uniq_natasha

Skill      XL: |  1  2  3 |
---------------+----------+-----
Ranged Weapons | 2 3 4 |  4.8
Fighting       | |  1.0
Dodging        | |  1.7
Spellcasting   | |  1.0
Hexes          | |  3.0

Action                     |  1- 3 |  4- 6 || total
---------------------------+-------+-------++-------
   Fire: Sling             |   150 |    80 ||   230
    Use: Potion            |     2 |     2 ||     4
 Armour: Robe              |    12 |    18 ||    30
         Skin              |     9 |       ||     9
  Dodge: Dodged            |    48 |    57 ||   105
